 Dungeon Crawl Stone Soup version 0.26.1-2-gb8aa6d0cf2 (webtiles) character file.

Game seed: 17541412884075342641

50 H0rd4k the Charlatan (level 4, 0/32 HPs)
             Began as a Human Artificer on Mar 16, 2021.
             Slain by an orc
             ... wielding a cursed +0 short sword
              (3 damage)
             ... on level 3 of the Dungeon.
             The game lasted 00:02:18 (1758 turns).

H0rd4k the Charlatan (Human Artificer)              Turns: 1758, Time: 00:02:18

Health: 0/32       AC:  3    Str: 13    XL:     4   Next: 4%
Magic:  4/4        EV: 11    Int: 11    God:
Gold:   98         SH:  0    Dex: 14    Spells: 3/3 levels left

rFire    . . .     SeeInvis .   h - +0 short sword
rCold    . . .     Faith    .   (no shield)
rNeg     . . .     Spirit   .   b - +0 leather armour
rPois    .         Reflect  .   (no helmet)
rElec    .         Harm     .   (no cloak)
rCorr    .         Rampage  .   (no gloves)
Will     .....                  (no boots)
Stlth    ++........             (no amulet)
HPRegen  0.10/turn              (no ring)
MPRegen  0.09/turn              (no ring)

@: no status effects
A: no striking features
a: no special abilities


You were on level 3 of the Dungeon.
You visited 1 branch of the dungeon, and saw 3 of its levels.

You collected 98 gold pieces.

Inventory:

Hand Weapons
 a - a +0 club
 h - a +0 short sword (weapon)
Armour
 b - a +0 leather armour (worn)
Wands
 c - a wand of flame (6) (quivered)
 d - a wand of enslavement (9)
 e - a wand of random effects (13)
Scrolls
 f - 2 scrolls of remove curse {unknown}
 i - a scroll of enchant weapon {unknown}
 k - a scroll of random uselessness {unknown}
 l - 3 scrolls of teleportation {unknown}
Potions
 g - a potion of attraction {unknown}
 j - a potion of flight {unknown}
 m - a potion of magic {unknown}


   Skills:
 + Level 1.1 Fighting
 + Level 0.5 Short Blades
 + Level 2.8 Armour
 + Level 1.3 Dodging
 + Level 1.3 Stealth
 + Level 3.6 Evocations


You had 3 spell levels left.
You didn't know any spells.
Your spell library was empty.

Dungeon Overview and Level Annotations

Branches:
Dungeon (3/15)

Altars:

Annotations:
D:2 Terence


Message History

Evoke which item? (* to show all) (? for menu, Esc to quit)
Okay, then.
Aiming: Enslavement
Press: ? - help, Shift-Dir - straight line, f/p - orc
Aim: an orc, wielding a +0 short sword (chance to affect: 73%)
The orc struggles to resist.
The orc hits you with a cursed +0 short sword.
* * * LOW HITPOINT WARNING * * *
An orc comes into view. It is wielding a +0 short sword.
Aiming: Enslavement
Press: ? - help, Shift-Dir - straight line, f/p - orc
Aim: an orc, wielding a +0 short sword (chance to affect: 73%)
The orc struggles to resist.
The orc hits you but does no damage.
Unknown command.
Aiming: Enslavement
Press: ? - help, Shift-Dir - straight line, f/p - orc
Aim: an orc, wielding a +0 short sword (chance to affect: 73%)
The orc struggles to resist.
The orc hits you with a cursed +0 short sword.
You die...

#....?...........#
###.#######......#
....(...# #......#
####.##.# #......#
#.....# #......#
#.#.### #......#
..#K# #.....K#
#####.##########o#
............# #@#
............#
#...o....
..<.........#
####o..g.
...###....... ....
...# ....... ...
K..# [...... ..
(... ..h.... #
.... h.... ....


You could see 3 orcs, a hobgoblin and a kobold.

Vanquished Creatures
  2 adders (D:2)
  A worm (D:2)
  A dart slug (D:1)
  A ball python (D:1)
  7 bats
  2 goblins (D:1)
  3 hobgoblins
  A jackal (D:2)
  3 frilled lizards (D:1)
  5 kobolds (D:1)
  A rat (D:1)
27 creatures vanquished.

Vanquished Creatures (collateral kills)
  2 goblins (D:2)
  A hobgoblin (D:2)
  2 jackals (D:2)
5 creatures vanquished.

Vanquished Creatures (others)
  An adder (D:2)
  A jackal (D:3)
2 creatures vanquished.

Grand Total: 34 creatures vanquished

Notes
Turn   | Place    | Note
-------+----------+-------------------------------------------
     0 | D:1      | H0rd4k the Human Artificer began the quest for the Orb.
     0 | D:1      | Reached XP level 1. HP: 15/15 MP: 1/1
    99 | D:1      | Reached XP level 2. HP: 11/21 MP: 2/2
   951 | D:2      | Reached XP level 3. HP: 20/26 MP: 3/3
  1394 | D:2      | Reached XP level 4. HP: 6/32 MP: 4/4
  1476 | D:2      | Noticed Terence
  1758 | D:3      | Slain by an orc

Illustrated notes

Levels and vault maps discovered:
D:1:      lemuel_arrival_behind_the_door_small, layout_rooms
D:2:      layout_rooms, gammafunk_temple_of_torment, okawaru_trees_2,
          chequers_serial_rivers_marsh, grunt_decor_cap, minmay_snake_closets,
          uniq_terence
D:3:      layout_basic

Action                   |  1- 3 |  4- 6 || total
-------------------------+-------+-------++-------
Melee: Club              |    34 |       ||    34
       Short sword       |    76 |    26 ||   102
Evoke: Wand              |     9 |     8 ||    17
 Stab: Sleeping          |     1 |       ||     1
       Paralysed         |       |    11 ||    11
Armor: Leather armour    |    49 |    14 ||    63
Dodge: Dodged            |    90 |    18 ||   108
